 Dungeon Crawl Stone Soup version 0.31-a0-246-g8cbcc1cb85 (webtiles) character file.

Game seed: 16787906466397273421

78 TittyCrusher the Magician (level 4, -8/30 HPs)
             Began as a Demonspawn Fire Elementalist on July 12, 2023.
             Killed by nerve-wracking pain
             ... invoked by an orc priest
              (13 damage)
             ... on level 3 of the Dungeon.
             The game lasted 00:08:13 (2474 turns).

TittyCrusher the Magician (DsFE)                    Turns: 2474, Time: 00:08:13

Health: -8/30      AC:  4    Str:  9    XL:     4   Next: 15%
Magic:  4/10       EV: 12    Int: 18    God:
Gold:   140        SH:  0    Dex: 13    Spells: 8/11 levels left

rFire   . . .        a - +0 quarterstaff
rCold   . . .        (shield currently unavailable)
rNeg    . . .        t - +0 leather armour
rPois   .            (no helmet)
rElec   .            e - +0 cloak
rCorr   .            (no gloves)
SInv    +            (no boots)
Will    .....        (no amulet)
Stlth   ++           m - ring of see invisible
HPRegen 0.25/turn    (no ring)
MPRegen 0.12/turn

%: no passive effects
@: about to teleport
A: sturdy frame 2
a: no special abilities


You were on level 3 of the Dungeon.
You visited 1 branch of the dungeon, and saw 3 of its levels.

You collected 140 gold pieces.

Inventory:

Hand Weapons
 a - a +0 quarterstaff (weapon)
 b - a +0 sling
 i - a +0 short sword of speed
Missiles
 c - 35 stones (quivered)
 d - 5 curare-tipped darts
 h - 6 poisoned darts
Armour
 e - a +0 cloak (worn)
 t - a +0 leather armour (worn)
Jewellery
 m - a ring of see invisible (left hand)
Talismans
 k - a beast talisman
 l - a serpent talisman
Scrolls
 j - 3 scrolls of teleportation
 n - a scroll of revelation {unknown}
 q - a scroll of brand weapon {unknown}
Potions
 f - 2 potions of berserk rage
 o - 2 potions of might {unknown}
 p - 2 potions of magic
 r - 2 potions of attraction {unknown}
 s - a potion of heal wounds {unknown}
 u - a potion of brilliance {unknown}


   Skills:
 - Level 1.7 Dodging
 - Level 1.7 Stealth
 + Level 4.2 Spellcasting
 - Level 1.0 Conjurations
 - Level 2.6 Fire Magic


You had 8 spell levels left.
You knew the following spells:

 Your Spells              Type           Power      Damage    Failure   Level
a - Foxfire               Conj/Fire      40%        2x1d6     7%          1
b - Scorch                Fire           26%        2d6       8%          2

Your spell library contained the following spells:

 Spells                   Type           Power      Damage    Failure   Level
 Summon Small Mammal      Summ           12%        N/A       14%         1
 Inner Flame              Hex/Fire       8%         N/A       26%         3
 Volatile Blastmotes      Fire/Tloc      16%        2d11      26%         3
 Call Canine Familiar     Summ           3%         N/A       41%         3
 Summon Guardian Golem    Hex/Summ       3%         N/A       41%         3
 Flame Wave               Conj/Fire      10%        2d6       56%         4


Dungeon Overview and Level Annotations

Branches:
Dungeon (3/15)

Altars:

Annotations:
D:2 1 runed translucent door, Crazy Yiuf
D:3 exclusion: orc wizard


Innate Abilities, Weirdness & Mutations

Your movements are less encumbered by armour. (ER -4)


Message History

Confirm with . or Enter, or press ? or * to list all spells.
You conjure some foxfire!
The orc priest closely misses you. The orc hits you with a +0 hand axe.
The orc hits your foxfire with a +0 hand axe.
The orc completely misses your foxfire. The orc barely misses you.
The foxfire hits the orc.
The orc is heavily wounded.
The foxfire hits the orc.
The orc is heavily wounded.
The orc barely misses you. The orc hits you with a +0 hand axe.
The orc priest hits you with a +0 hand axe.
* * * LOW HITPOINT WARNING * * *
Unknown command.
Okay, then.
You feel better. The orc hits you but does no damage.
The orc priest mumbles some strange prayers to Beogh against you.
Pain shoots through your body!
Unknown command.
As you read the scroll of teleportation, it crumbles to dust.
You feel strangely unstable. The orc priest closely misses you.
The orc closely misses you.
Unknown command.
Unknown command.
Casting: Foxfire (safe; 7% risk of failure)
Confirm with . or Enter, or press ? or * to list all spells.
You conjure some foxfire!
The orc wizard hits you with a +0 dagger.
The orc hits you but does no damage. The orc barely misses your foxfire. x2
The orc priest hits you with a +0 hand axe.
* * * LOW HITPOINT WARNING * * *
The foxfire hits the orc but does no damage.
The orc is heavily wounded.
The foxfire hits the orc.
The orc is almost dead.
The orc wizard hits you with a +0 dagger.
* * * LOW HITPOINT WARNING * * *
The orc closely misses you.
The orc priest calls down the wrath of Beogh upon you.
Pain shoots through your body!
You die...

#.........##########
##P........#........#
#...P.......#.#####.#
#P........###.##.#.#
#........## ##......
#.........###.......
#..........#.###.#.#
#.oo......#.# #.#.#
####.##oo@......#.#
#.#.#
........#########.#
#.#.# ####.#...o.oo..
o.. ..#.# #
##.#.o.... ..# ###.#
#.#.######### #.# #.#
# #######.# #.#
#........ #.#
#.#####.# #.#
##.#####.#


You could see an orc priest, an orc wizard and 2 orcs.

Vanquished Creatures
  A worm (D:2)
  5 dart slugs
  An orc (D:3)
  2 bats (D:1)
  5 endoplasms
  3 giant cockroaches
  12 goblins
  7 hobgoblins
  3 jackals (D:1)
  A quokka (D:3)
  3 ball pythons
  3 frilled lizards (D:1)
  7 kobolds
  5 rats
58 creatures vanquished.

Vanquished Creatures (others)
  175 foxfires
175 creatures vanquished.

Grand Total: 233 creatures vanquished

Notes
Turn   | Place    | Note
-------+----------+-------------------------------------------
     0 | D:1      | TittyCrusher the Demonspawn Fire Elementalist began the
                  | quest for the Orb.
     0 | D:1      | Reached XP level 1. HP: 13/13 MP: 3/3
   206 | D:1      | Gained mutation: Your movements are slightly less
                  | encumbered by armour. (ER -2) [demonic ancestry]
   206 | D:1      | Reached XP level 2. HP: 10/19 MP: 0/5
   438 | D:1      | Reached skill level 3 in Spellcasting
   743 | D:1      | Learned a level 2 spell: Scorch
  1001 | D:1      | Gained mutation: Your movements are less encumbered by
                  | armour. (ER -4) [demonic ancestry]
  1001 | D:1      | Reached XP level 3. HP: 24/24 MP: 5/7
  1943 | D:2      | Reached skill level 4 in Spellcasting
  2086 | D:2      | Reached XP level 4. HP: 28/30 MP: 6/10
  2243 | D:2      | Found a runed translucent door.
  2244 | D:2      | Noticed Crazy Yiuf
  2474 | D:3      | Killed from afar by an orc priest

Illustrated notes

Levels and vault maps discovered:
D:1:      dpeg_arrival_solitude, layout_basic, minmay_domino_2
D:2:      cheibrodos_greedy_goblins, layout_rooms, uniq_crazy_yiuf_cottage
D:3:      layout_loops_ring, serial_forest, infiniplex_forest_clump_tiny,
          infiniplex_forest_lined_2, infiniplex_forest_straight_4,
          infiniplex_forest_lined_3, infiniplex_forest_lined_corner, uniq_ijyb

Skill      XL: |  1  2  3 |
---------------+----------+-----
Spellcasting   | 3 4 |  4.2
Dodging        | |  1.7
Stealth        | |  1.7
Conjurations   | |  1.0
Fire Magic     | |  2.6

Action                     |  1- 3 |  4- 6 || total
---------------------------+-------+-------++-------
  Melee: Unarmed           |    10 |       ||    10
         Short sword       |     1 |     2 ||     3
         Punch             |     1 |       ||     1
   Fire: Sling             |     4 |     2 ||     6
  Throw: Stone             |     1 |       ||     1
   Cast: Foxfire           |    84 |    16 ||   100
         Scorch            |     1 |       ||     1
    Use: Scroll            |     3 |     2 ||     5
         Potion            |       |     1 ||     1
 Armour: Robe              |     8 |       ||     8
         Leather armour    |     6 |     4 ||    10
  Dodge: Dodged            |    52 |    14 ||    66

Table legend: (Time is in decaauts)
 A = Elapsed time spent in this place.
 B = Non-inter-level travel time spent in this place.
 C = Inter-level travel time spent in this place.
 D = Time resting spent in this place.
 E = Time spent auto-exploring this place.
 F = Levels seen in this place.
 G = Mean time per level.
                   A        B        C        D        E       F      G
               +--------+--------+--------+--------+--------+-----+--------+
         Total |   2471 |   2395 |     76 |    332 |   1295 |   3 |  823.7 |
       Dungeon |   2471 |   2395 |     76 |    332 |   1295 |   3 |  823.7 |
               +--------+--------+--------+--------+--------+-----+--------+

Top non-repeatable levels by time:
     D:1: 1479 daAuts
     D:2: 811 daAuts
     D:3: 181 daAuts
